AoeStats
← crtolino93

Socotra

505406049Analyzed
2v2 RM · 23d ago on Sep 9, 2026· 51m 40s· 4 players
Game mode
Random Map
Map size
Tiny (2 player)
Population
200
Speed
Normal
Resources
Standard
Victory
Conquest
Starting age
Dark Age
Ending age
Imperial Age
RankedLock teamsTeams togetherTeam positionsShared explorationLock speedFull tech treeHidden civsTurbo modeCheats
Victory
Defeat
🇺🇦 Dravidians · Ukraine
1139
+45
🇸🇮 Ethiopians · Slovenia
1110
+18
🇩🇪 Celts · Germany
1171
-18
🇺🇸 Bulgarians · United States
1171
-18
Audi_13
5:48 Loom
9:12 Feudal Age
9:48 Double-Bit Axe
11:17 Fletching
22:37 Castle Age
22:44 Crossbowman
23:21 Bodkin Arrow
23:44 Bow Saw
25:17 Ballistics
33:41 Imperial Age
34:45 Bracer
36:11 Chemistry
36:28 Padded Archer Armor
45:11 Leather Archer Armor
47:14 Arbalester
51:04 Thumb Ring
crtolino93
1:39 Loom
10:41 Feudal Age
12:26 Double-Bit Axe
12:44 Horse Collar
18:32 Fletching
18:42 Padded Archer Armor
23:38 Castle Age
21:59 Gold Mining
24:57 Wheelbarrow
24:40 Bodkin Arrow
24:08 Crossbowman
26:01 Leather Archer Armor
25:54 Stone Mining
33:11 Town Watch
37:49 Hand Cart
38:13 Heavy Plow
39:48 Gold Shaft Mining
39:51 Bow Saw
42:49 Imperial Age
41:25 Scale Mail Armor
42:54 Chain Mail Armor
44:04 Forging
44:26 Plate Mail Armor
44:27 Ballistics
45:17 Two-Man Saw
44:50 Bracer
44:50 Man-at-Arms
45:31 Squires
45:53 Conscription
45:25 Elite Skirmisher
46:46 Iron Casting
45:46 Long Swordsman
46:23 Arson
46:12 Arbalester
47:11 Capped Ram
47:13 Two-Handed Swordsman
49:15 Chemistry
48:26 Masonry
50:15 Blast Furnace
49:15 Elite Shotel Warrior
Seamen Merle Dixon
13:29 Feudal Age
11:44 Loom
19:05 Castle Age
18:21 Double-Bit Axe
18:19 Horse Collar
18:34 Gold Mining
21:29 Gold Shaft Mining
30:39 Heavy Plow
32:51 Forging
32:42 Scale Mail Armor
33:59 Bow Saw
36:57 Padded Archer Armor
36:47 Fletching
40:33 Imperial Age
41:40 Stone Mining
41:47 Heavy Scorpion
48:45 Wheelbarrow
47:33 Cavalier
48:14 Husbandry
50:30 Stone Shaft Mining
ScrotasticNutz
7:58 Loom
12:03 Feudal Age
22:59 Castle Age
31:34 Elite Skirmisher
42:30 Imperial Age
45:58 Onager
Connection lost

Rejoining the realm…

Still unreachable

The connection could not be restored.

Session expired

The server has moved on; the page needs a fresh start.